 Dungeon Crawl Stone Soup version 0.27.1-33-g824d729ab1 (webtiles) character file.

Game seed: 14302082050055356224

1737 potato4science the Magician (level 8, 0/46 HPs)
             Began as a Deep Elf Conjurer on Dec 19, 2021.
             Was an Initiate of Sif Muna.
             Shot with an arrow by a centaur (6 damage)
             ... on level 7 of the Dungeon.
             The game lasted 00:37:52 (8987 turns).

potato4science the Magician (Deep Elf Conjurer)     Turns: 8987, Time: 00:37:52

Health: 0/46       AC:  7    Str: 12    XL:     8   Next: 76%
Magic:  12/20      EV: 12    Int: 24    God:    Sif Muna [......]
Gold:   178        SH:  0    Dex: 13    Spells: 18/21 levels left

rFire    + . .     SeeInvis .   j - staff of fire
rCold    . . .     Faith    .   (no shield)
rNeg     + . .     Spirit   .   d - +1 ring mail
rPois    .         Reflect  .   (no helmet)
rElec    .         Harm     .   i - +0 cloak
rCorr    .         Rampage  .   (no gloves)
Will     .....                  (no boots)
Stlth    +++.......             (no amulet)
HPRegen  0.15/turn              c - ring of positive energy
MPRegen  0.17/turn              m - +6 ring of strength

@: no status effects
A: no striking features
a: Renounce Religion


You were on level 7 of the Dungeon.
You worshipped Sif Muna.
Sif Muna was noncommittal.
You visited 2 branches of the dungeon, and saw 8 of its levels.

You collected 178 gold pieces.

Inventory:

Hand Weapons
 e - a +0 dagger
Armour
 a - a +0 robe
 d - a +1 ring mail (worn)
 i - a +0 cloak (worn)
Magical Staves
 j - a staff of fire (weapon)
Jewellery
 b - a +6 ring of strength
 c - a ring of positive energy (left hand)
 m - a +6 ring of strength (right hand)
Wands
 n - a wand of acid (7)
Scrolls
 f - a scroll of fear
 g - 2 scrolls of teleportation
Potions
 h - a potion of attraction {unknown}
 k - 2 potions of magic {unknown}
 l - 3 potions of curing
 o - a potion of resistance {unknown}
 p - 2 potions of heal wounds {unknown}


   Skills:
 - Level 3.0 Fighting
 - Level 2.0 Staves
 - Level 3.0 Armour
 - Level 6.0 Dodging
 - Level 7.0 Stealth
 - Level 7.0 Spellcasting
 + Level 5.8 Conjurations
 - Level 3.0 Evocations


You had 18 spell levels left.
You knew the following spells:

 Your Spells              Type           Power      Damage    Failure   Level
a - Magic Dart            Conj           100%       1d8       1%          1
b - Searing Ray           Conj           72%        3d6       1%          2

Your spell library contained the following spells:

 Spells                   Type           Power      Damage    Failure   Level
 Dazzling Flash           Conj/Hex       44%        N/A       14%         3
 Beastly Appendage        Tmut           16%        N/A       16%         1
 Corpse Rot               Necr/Air       N/A        N/A       22%         2
 Poisonous Vapours        Pois/Air       16%        N/A       22%         2
 Wereblood                Tmut           8%         N/A       22%         2
 Spider Form              Tmut/Pois      4%         N/A       41%         3
 Tukima's Dance           Hex            8%         N/A       41%         3
 Fulminant Prism          Conj/Hex       11%        3d9       41%         4
 Iskenderun's Mystic Bla  Conj/Tloc      22%        2d6       41%         4
 Passage of Golubria      Tloc           N/A        N/A       83%         4
 Freezing Cloud           Conj/Ice/Air   8%         6-21      88%         5
 Yara's Violent Unravell  Hex/Tmut       4%         3d4       99%         5


Dungeon Overview and Level Annotations

Branches:
Dungeon (7/15)             Temple (1/1) D:4

Altars:
Dithmenos
Elyvilon
Hepliaklqana
Nemelex Xobeh
Okawaru
Qazlal
Sif Muna
Trog
Vehumet
Xom
Yredelemnul
Zin
The Shining One

Annotations:
D:3 1 runed translucent door, Crazy Yiuf
D:4 sky beast


Message History

Aiming: Magic Dart (safe; 1% risk of failure)
Press: ? - help, Q - select action, (/) - cycle Shift-Dir - straight line, f/p - centaur
Aim: a centaur, wielding a +0 shortbow and quivering arrows (heavily wounded, 100% to hit)
The magic dart hits the centaur.
The centaur is severely wounded.
A kobold brigand comes into view.
It is wielding a +0 whip and quivering curare-tipped darts.
The centaur shoots an arrow.
The arrow hits you!
Casting: Magic Dart (safe; 1% risk of failure)
Confirm with . or Enter, or press ? or * to list all spells.
You can't see any susceptible monsters within range! (Use Z to cast anyway.)
Aiming: Magic Dart (safe; 1% risk of failure)
Press: ? - help, Q - select action, (/) - cycle Shift-Dir - straight line, f/p - centaur
Aim: a centaur, wielding a +0 shortbow and quivering arrows (severely wounded, 100% to hit)
The magic dart hits the centaur!
The centaur is almost dead.
The centaur shoots an arrow.
The arrow hits you.
Aiming: Magic Dart (safe; 1% risk of failure)
Press: ? - help, Q - select action, (/) - cycle Shift-Dir - straight line, f - kobold
Aim: a kobold, wielding a +3 short sword and quivering stones (100% to hit)
The magic dart hits the kobold!
You kill the kobold!
Sif Muna accepts your kill.
A kobold comes into view. It is wielding a +0 whip.
Casting: Magic Dart (safe; 1% risk of failure)
Confirm with . or Enter, or press ? or * to list all spells.
Aiming: Searing Ray (safe; 1% risk of failure)
Press: ? - help, Shift-Dir - straight line, f - centaur
Aim: a centaur, wielding a +0 shortbow and quivering arrows (almost dead, 88% to hit)
The searing ray misses the centaur. (Press . to maintain the ray.)
The centaur shoots an arrow.
The arrow hits you!
* * * LOW HITPOINT WARNING * * *
The centaur shoots an arrow.
The arrow closely misses you.
You hear a shout!
Your magical contamination has completely faded away.
The centaur shoots an arrow.
The arrow hits you but does no damage.
The centaur shoots an arrow.
The arrow misses you.
The centaur shoots an arrow.
The arrow closely misses you.
The centaur shoots an arrow.
The arrow hits you.
You die...

####.####
#.......#
#.##.##<#
#.#..##.#
#.#.###.#
#.......#
#.#.#####
#...# ##@##
####.###
#......#
#.##.#.# #
#.#.##
#....#
###..c..c.K.
...#####.##
#####


You could see a centaur.

Vanquished Creatures
  3 water moccasins (D:6)
  An ice beast (D:5)
  2 ogres
  2 black bears
  2 centaurs (D:5)
  A phantom (D:4)
  2 bullfrogs (D:6)
  3 scorpions
  A water moccasin zombie (D:6)
  2 bullfrog skeletons (D:6)
  2 hounds (D:5)
  2 jellies
  Jessica (D:3)
  An iguana (D:5)
  4 adders
  A gnoll (D:1)
  A white imp (D:5)
  An ufetubus (D:4)
  An adder skeleton (D:5)
  A worm (D:3)
  2 dart slugs
  7 orcs
  8 bats
  8 endoplasms
  2 giant cockroaches (D:2)
  13 goblins
  6 hobgoblins
  4 jackals (D:2)
  9 kobolds
  2 quokkas
  7 ball pythons
  5 frilled lizards
  A quokka skeleton (D:4)
  8 rats
116 creatures vanquished.

Vanquished Creatures (others)
  An orc (D:5)
1 creature vanquished.

Grand Total: 117 creatures vanquished

Notes
Turn   | Place    | Note
-------+----------+-------------------------------------------
     0 | D:1      | potato4science the Deep Elf Conjurer began the quest for
                  | the Orb.
     0 | D:1      | Reached XP level 1. HP: 10/10 MP: 6/6
    49 | D:1      | Reached skill level 5 in Conjurations
    49 | D:1      | Reached XP level 2. HP: 8/15 MP: 5/8
   212 | D:1      | Learned a level 2 spell: Searing Ray
   524 | D:1      | Reached XP level 3. HP: 19/19 MP: 5/9
  1284 | D:2      | Reached skill level 1 in Armour
  1444 | D:2      | Found a shadowy altar of Dithmenos.
  1989 | D:2      | Reached XP level 4. HP: 24/24 MP: 7/10
  2332 | D:3      | Found a runed translucent door.
  2333 | D:3      | Noticed Crazy Yiuf
  2758 | D:3      | Noticed Jessica
  2766 | D:3      | Killed Jessica
  2767 | D:3      | Reached skill level 1 in Fighting
  2938 | D:3      | Found a faded altar of an unknown god.
  3438 | D:4      | Noticed a phantom
  3535 | D:4      | Killed a phantom
  3536 | D:4      | Reached XP level 5. HP: 29/29 MP: 3/13
  3823 | D:4      | Reached skill level 5 in Stealth
  3967 | D:4      | Found a staircase to the Ecumenical Temple.
  3976 | Temple   | Entered the Ecumenical Temple
  4246 | Temple   | Became a worshipper of Sif Muna the Loreminder
  4333 | D:4      | Reached XP level 6. HP: 24/34 MP: 8/14
  4545 | D:4      | Noticed a sky beast
  4548 | D:4      | Reached skill level 1 in Evocations
  5422 | D:5      | Entered Level 5 of the Dungeon
  5610 | D:5      | Reached skill level 5 in Spellcasting
  5862 | D:5      | Reached skill level 5 in Dodging
  5862 | D:5      | Reached XP level 7. HP: 30/40 MP: 11/16
  6633 | D:5      | Found a stormy altar of Qazlal.
  6813 | D:5      | Reached skill level 1 in Staves
  8032 | D:6      | Reached XP level 8. HP: 46/46 MP: 12/19
  8495 | D:6      | Found a bloodstained altar of Trog.
  8581 | D:6      | Found a radiant altar of Vehumet.
  8987 | D:7      | Shot with an arrow by a centaur

Illustrated notes

Levels and vault maps discovered:
D:1:      scummos_arrival_checkerplants, layout_loops_ring
D:2:      kennysheep_the_goblin_king, layout_basic, basic_altar
D:3:      layout_loops_ring, hellmonk_ecumenical_altar_arch_garden,
          serial_bayou_pond_d, kennysheep_generic_room_9, uniq_jessica,
          uniq_crazy_yiuf_cottage
D:4:      layout_gridville, temple_statues
D:5:      layout_loops_corners, grunt_qazlal_clouds, dk_rats_in_the_wall
D:6:      layout_basic, mainiacjoe_overflow_chevrons,
          mainiacjoe_overflow_six_doors_small, grunt_decor_junction
D:7:      layout_loops_cross, lightli_corner_chamber
Temple:   dpeg_chambers_temple

Skill      XL: |  1  2  3  4  5  6  7  8 |
---------------+-------------------------+-----
Conjurations   | 5 |  5.8
Stealth        | 3 4 5 6 7 |  7.0
Dodging        | 3 4 5 6 |  6.0
Armour         | 1 2 3 |  3.0
Fighting       | 1 2 3 |  3.0
Spellcasting   | 4 5 6 7 |  7.0
Evocations     | 2 3 |  3.0
Staves         | 1 2 |  2.0

Action                   |  1- 3 |  4- 6 |  7- 9 || total
-------------------------+-------+-------+-------++-------
Melee: Staff             |       |       |    15 ||    15
 Cast: Magic Dart        |    52 |    44 |    61 ||   157
       Searing Ray       |    20 |    18 |    25 ||    63
  Use: Scroll            |       |       |    10 ||    10
Armor: Ring mail         |     1 |     9 |     7 ||    17
Dodge: Dodged            |       |     9 |    26 ||    35
